 Dungeon Crawl Stone Soup version 0.25.0-9-g26727b657a (webtiles) character file.

Game seed: 2876826279102342036

117 MisterFreud the Skirmisher (level 5, -6/35 HPs)
             Began as a Gargoyle Monk on June 18, 2020.
             Killed from afar by Sigmund (11 damage)
             ... with a puff of flame
             ... on level 3 of the Dungeon.
             The game lasted 00:02:37 (2493 turns).

MisterFreud the Skirmisher (Gargoyle Monk)          Turns: 2493, Time: 00:02:38

Health: -6/35      AC:  7    Str: 16    XL:     5   Next: 1%
Magic:  5/5        EV: 12    Int: 10    God:
Gold:   123        SH:  0    Dex: 12    Spells: 4/4 levels left

rFire    . . .     SeeInvis .   a - +0 mace
rCold    . . .     Gourm    .   (no shield)
rNeg     + . .     Faith    .   b - +0 robe
rPois    ∞         Spirit   .   (no helmet)
rElec    +         Reflect  .   (no cloak)
rCorr    .         Harm     .   (no gloves)
MR       .....                  n - +0 pair of boots
Stlth    ++........             (no amulet)
HPRegen  0.11/turn              (no ring)
MPRegen  0.09/turn              (no ring)

@: no status effects
A: negative energy resistance 1, electricity resistance, unbreathing,
petrification resistance, rot immunity, AC +4
a: no special abilities


You were on level 3 of the Dungeon.
You were not hungry.

You visited 1 branch of the dungeon, and saw 3 of its levels.

You collected 123 gold pieces.

Inventory:

Hand Weapons
 a - a +0 mace (weapon)
Missiles
 h - 7 boomerangs (quivered)
 i - 18 poisoned darts
Armour
 b - a +0 robe (worn)
 n - a +0 pair of boots (worn)
Jewellery
 e - an uncursed amulet of faith {unknown}
Wands
 q - a wand of digging (5)
Scrolls
 k - 2 scrolls of identify {unknown}
 l - a scroll of remove curse {unknown}
 o - a scroll of random uselessness {unknown}
 p - a scroll of enchant weapon {unknown}
Potions
 d - a potion of resistance {unknown}
 f - a potion of degeneration {unknown}
 j - 3 potions of heal wounds {unknown}
 m - a potion of stabbing {unknown}
Comestibles
 c - 3 rations
 g - 2 chunks of flesh


   Skills:
 - Level 5.0 Fighting
 + Level 4.3 Maces & Flails
 - Level 2.4 Dodging
 - Level 2.1 Stealth


You had 4 spell levels left.
You didn't know any spells.
Your spell library was empty.

Dungeon Overview and Level Annotations

Branches:
Dungeon (3/15)

Altars:
Elyvilon
Ru

Annotations:
D:2 1 runed translucent door, Crazy Yiuf
D:3 Robin, Sigmund


Innate Abilities, Weirdness & Mutations

You are resistant to torment.
Your stone body is resilient. (AC +4)
You are immune to poison.
You resist negative energy. (rN+)
You are resistant to electric shocks. (rElec)
You can survive without breathing.
You are immune to petrification.
You are immune to rotting.


Message History

Items here: ( ))) ††
Items here: ))) † a +1 dagger of speed; a +0 dagger; a +0 club; a goblin corpse Something hits you!
The goblin shoots a stone.
The stone misses you. Something barely misses you.
Items here: ))) † a +1 dagger of speed; a +0 dagger; a +0 club; a goblin corpse You miss something.
You barely miss something. Something hits you.
You closely miss something. Something hits you.
You hit something. Something hits you but does no damage.
You miss something. Something hits you!
* * * LOW HITPOINT WARNING * * *
You hit something but do no damage. Something hits you.
* * * LOW HITPOINT WARNING * * *
You see here a stone.
A puff of flame appears from out of thin air!
The puff of flame hits you!
You die...

.......(((.# #..)...# ##
#####.###(#.# #.####.# #.
#.###)##.#########.####.# #.
.(##..)##.......)..>..#.# #.
#####..o##.#####..#.##.#.####.
#.g.##.#####..#.##........
#...##...............#####
######...##?##.##..####.#.....#
#......÷.o{...@....## #.#.....#
.........g.....##...# #.......#
#.............###.#...###.....#
######...##.### #.....# #.....#
#...##... ..#.### #######
#...##########.# #...# .# #...#
.# .#


You could see an orc and a goblin.

Vanquished Creatures
  An orc wizard (D:2)
  4 adders
  2 worms
  A dart slug (D:1)
  A leopard gecko (D:2)
  3 ball pythons
  5 bats
  2 giant cockroaches (D:2)
  10 goblins
  5 hobgoblins
  2 jackals (D:3)
  2 kobolds
  A quokka (D:3)
  2 frilled lizards
  3 rats
44 creatures vanquished.

Notes
Turn   | Place    | Note
-------+----------+-------------------------------------------
     0 | D:1      | MisterFreud the Gargoyle Monk began the quest for the Orb.
     0 | D:1      | Reached XP level 1. HP: 14/14 MP: 1/1
   437 | D:1      | Reached XP level 2. HP: 16/20 MP: 2/2
   481 | D:1      | Reached skill level 4 in Fighting
   969 | D:2      | Found a sacrificial altar of Ru.
   988 | D:2      | Reached XP level 3. HP: 23/25 MP: 3/3
  1023 | D:2      | Reached skill level 5 in Fighting
  1062 | D:2      | Found a runed translucent door.
  1063 | D:2      | Noticed Crazy Yiuf
  1236 | D:2      | Reached XP level 4. HP: 30/31 MP: 4/4
  1259 | D:2      | Found a white marble altar of Elyvilon.
  2399 | D:3      | Identified the +2 helmet of Zyth {Harm *Corrode +Fly SInv}
  2399 | D:3      | Noticed Robin
  2442 | D:3      | Reached XP level 5. HP: 25/35 MP: 5/5
  2463 | D:3      | Noticed Sigmund
  2493 | D:3      | Killed from afar by Sigmund

Illustrated notes

Levels and vault maps discovered:
D:1:      wander_arrival_desolate, layout_basic
D:2:      layout_basic, nicolae_ru_great_annihilating_truth, elyvilon_altar_4,
          uniq_crazy_yiuf_cottage
D:3:      layout_loops_cross, uniq_sigmund, uniq_robin

Skill      XL: |  1  2  3  4 |
---------------+-------------+-----
Fighting       | 4 5 |  5.0
Maces & Flails | 4 |  4.3
Dodging        | |  2.4
Stealth        | |  2.1

Action                   |  1- 3 |  4- 6 || total
-------------------------+-------+-------++-------
Melee: Mace              |    65 |    90 ||   155
 Stab: Sleeping          |     4 |     4 ||     8
       Paralysed         |     2 |       ||     2
       Invisible         |     1 |       ||     1
  Eat: Chunk             |     1 |     4 ||     5
Armor: Robe              |    27 |    23 ||    50
Dodge: Dodged            |    52 |    51 ||   103
